 Dungeon Crawl Stone Soup version 0.30-a0-377-g5cb311bc9f (webtiles) character file.

Game seed: 7145123383629618568

121 qeuew the Conjurer (level 4, 0/24 HPs)
             Began as a Deep Elf Conjurer on Nov 29, 2022.
             Slain by a gnoll
             ... wielding a +0 spear
             ... led by a gnoll bouda
              (5 damage)
             ... on level 4 of the Dungeon.
             The game lasted 00:03:16 (2812 turns).

qeuew the Conjurer (Deep Elf Conjurer)              Turns: 2812, Time: 00:03:17

Health: 0/24       AC: 12    Str:  4    XL:     4   Next: 76%
Magic:  12/12      EV: -1    Int: 23    God:
Gold:   121        SH:  0    Dex: 15    Spells: 5/12 levels left

rFire   + . .      SeeInvis .    o - +1 dagger (speed)
rCold   . . .      Faith    .    (no shield)
rNeg    . . .      Spirit   .    i - +8 chain mail "Jarak" {rElec rPois rCorr}
rPois   +          Reflect  .    (no helmet)
rElec   +          Harm     .    (no cloak)
rCorr   +          Rampage  .    (no gloves)
Will    .....                    (no boots)
Stlth   ..........               (no amulet)
HPRegen 0.24/turn                (no ring)
MPRegen 0.13/turn                (no ring)

@: weakened
A: deformed body, fire resistance 1
a: no special abilities


You were on level 4 of the Dungeon.
You visited 1 branch of the dungeon, and saw 4 of its levels.

You collected 121 gold pieces.

Inventory:

Hand Weapons
 o - a +1 dagger of speed (weapon)
Armour
 i - the +8 chain mail "Jarak" (worn) {rElec rPois rCorr}
   (You found it on level 3 of the Dungeon)

   rElec:     It insulates you from electricity.
   rPois:     It protects you from poison.
   rCorr:     It protects you from acid and corrosion.
Wands
 d - a wand of mindburst (16)
Scrolls
 a - a scroll of enchant armour
 c - a scroll of enchant weapon
 e - a scroll of fear
 h - a scroll of magic mapping
 j - 2 scrolls of teleportation
 q - a scroll of identify
Potions
 b - a potion of magic
 f - 6 potions of curing
 g - a potion of haste
 k - a potion of brilliance
 l - a potion of heal wounds
 m - a potion of might
 n - 2 potions of resistance
 p - 2 potions of berserk rage


   Skills:
 + Level 1.1 Short Blades
 * Level 0.1 Armour
 + Level 3.2 Dodging
 + Level 3.4 Stealth
 * Level 4.7 Spellcasting
 + Level 4.8 Conjurations
 + Level 0.5 Translocations
 + Level 0.0 Evocations


You had 5 spell levels left.
You knew the following spells:

 Your Spells              Type           Power      Damage    Failure   Level
a - Magic Dart            Conj           100%       1d8       100%        1
b - Searing Ray           Conj           54%        2d6       100%        2
c - Iskenderun's Mystic   Conj/Tloc      17%        2d5       100%        4

Your spell library contained the following spells:

 Spells                   Type           Power      Damage    Failure   Level
 Dazzling Flash           Conj/Hex       32%        N/A       100%        3
 Fulminant Prism          Conj/Hex       8%         3d7       100%        4


Dungeon Overview and Level Annotations

Branches:
Dungeon (4/15)
 Temple: D:4-7

Altars:
Wu Jian

Shops:
D:2 (


Innate Abilities, Weirdness & Mutations

Armour fits poorly on your strangely shaped body.
Your flesh is heat resistant. (rF+)


Message History

The gnoll is severely wounded.
You hit the gnoll.
The gnoll is severely wounded.
The gnoll hits you but does no damage.
You hit the gnoll.
The gnoll is almost dead.
The gnoll bouda barks out a call to the hunt!
The gnoll hits you but does no damage.
You hit the gnoll.
You kill the gnoll!
You see here a +0 spear.
A gnoll comes into view. It is wielding a +0 flail.
The gnoll shouts!
A nearby plant withers and dies.
The gnoll hits you but does no damage.
A gnoll comes into view. It is wielding a +0 whip.
The gnoll moves out of view.
A nearby plant withers and dies.
The gnoll hits you with a +0 spear.
A gnoll comes into view. It is wielding a +0 spear.
The gnoll bouda barks out a call to the hunt!
The gnoll picks up the pace!
The gnoll is no longer moving quickly.
The gnoll hits you but does no damage.
The gnoll bouda barks out a call to the hunt!
The gnoll picks up the pace!
The gnoll bouda hits you but does no damage.
The gnoll hits you from afar with a +0 spear.
You see here a +0 spear.
The gnoll throws a throwing net.
The throwing net hits you.
You become entangled in the net!
You see here a throwing net.
You tear a large gash into the net.
The gnoll bouda gazes fiercely through you!
You feel your attacks grow feeble.
The gnoll bouda hits you with a +0 club.
You struggle against the net.
The gnoll hits you from afar with a +0 spear.
The gnoll bouda hits you with a +0 club!
* * * LOW HITPOINT WARNING * * *
You shred the net and break free!
The gnoll hits you from afar with a +0 spear.
You die...

#.# #.# ######.####
##.........#
...####.##.########
........<.........#
#.##....#.######.#
#.........#
#.....@...#
#....gg##.#
#.....gg..#
####.#g####
.####.#'##
.......).#
#####.....#
.........#
.PPP.P......#


You could see a gnoll bouda and 4 gnolls.

Vanquished Creatures
  Ijyb (D:3)
  3 adders
  A gnoll (D:4)
  A worm (D:2)
  4 dart slugs
  5 ball pythons
  4 endoplasms
  4 giant cockroaches
  5 hobgoblins (D:1)
  4 kobolds
  2 quokkas
  4 bats
  7 frilled lizards
  A goblin (D:2)
  4 rats
50 creatures vanquished.

Vanquished Creatures (others)
  13 plants (D:4)
13 creatures vanquished.

Grand Total: 63 creatures vanquished

Notes
Turn   | Place    | Note
-------+----------+-------------------------------------------
     0 | D:1      | qeuew the Deep Elf Conjurer began the quest for the Orb.
     0 | D:1      | Reached XP level 1. HP: 10/10 MP: 6/6
   281 | D:1      | Reached XP level 2. HP: 10/15 MP: 5/8
   376 | D:1      | Found a faded altar of an unknown god.
  1064 | D:1      | Reached XP level 3. HP: 19/19 MP: 8/10
  1807 | D:2      | Found Zouf's Weapon Emporium.
  1876 | D:2      | Reached XP level 4. HP: 24/24 MP: 7/12
  1997 | D:2      | Learned a level 2 spell: Searing Ray
  2002 | D:2      | Learned a level 4 spell: Iskenderun's Mystic Blast
  2006 | D:2      | Gained mutation: Armour fits poorly on your strangely
                  | shaped body. [potion of mutation]
  2006 | D:2      | Gained mutation: Your flesh is heat resistant. (rF+)
                  | [potion of mutation]
  2071 | D:3      | Reached skill level 1 in Short Blades
  2122 | D:3      | Noticed Ijyb
  2131 | D:3      | Killed Ijyb
  2212 | D:3      | Identified the +8 chain mail "Jarak" {rElec rPois rCorr}
  2257 | D:3      | Found an ornate altar of the Wu Jian Council.
  2468 | D:3      | Identified the +1 ring mail of Day {+Inv Will++ MP+9 Int-4}
  2812 | D:4      | Slain by a gnoll

Illustrated notes

Levels and vault maps discovered:
D:1:      onia_arrival_mini_maze_b, layout_loops_cross,
          hellmonk_ecumenical_altar_zigzags, serial_forest,
          infiniplex_forest_clump_small, infiniplex_forest_clump_double,
          infiniplex_forest_zigzag_1, infiniplex_forest_clump_large,
          infiniplex_forest_pool, infiniplex_forest_zigzag_1,
          infiniplex_forest_end_1
D:2:      layout_rooms, serial_shops, nicolae_diamond_shop
D:3:      layout_rooms, nzn_wu_jian_contemplation, uniq_ijyb
D:4:      layout_loops_corners, yredelemnul_forgotten_temple_becter,
          minmay_temple_entry_proselytizer, hex_large, nicolae_grassy_gnolls

Skill      XL: |  1  2  3  4 |
---------------+-------------+-----
Dodging        | 3 |  3.2
Stealth        | 3 |  3.4
Spellcasting   | 4 |  4.7
Short Blades   | 1 |  1.1
Armour         | |  0.1
Conjurations   | |  4.8
Translocations | |  0.5

Action                   |  1- 3 |  4- 6 || total
-------------------------+-------+-------++-------
Melee: Dagger            |     1 |    33 ||    34
 Cast: Magic Dart        |    85 |    16 ||   101
  Use: Scroll            |     5 |     7 ||    12
       Potion            |     2 |     4 ||     6
Armor: Chain mail        |       |    21 ||    21
       Robe              |       |     1 ||     1
Dodge: Dodged            |       |     1 ||     1

Table legend: (Time is in decaauts)
 A = Elapsed time spent in this place.
 B = Non-inter-level travel time spent in this place.
 C = Inter-level travel time spent in this place.
 D = Time resting spent in this place.
 E = Time spent auto-exploring this place.
 F = Levels seen in this place.
 G = Mean time per level.
                   A        B        C        D        E       F      G
               +--------+--------+--------+--------+--------+-----+--------+
         Total |   2783 |   2701 |     82 |     37 |   2342 |   4 |  695.8 |
       Dungeon |   2783 |   2701 |     82 |     37 |   2342 |   4 |  695.8 |
               +--------+--------+--------+--------+--------+-----+--------+

Top non-repeatable levels by time:
     D:1: 1349 daAuts
     D:2: 697 daAuts
     D:3: 538 daAuts
     D:4: 198 daAuts
